 Dungeon Crawl Stone Soup version 0.30.1-9-gdf580d7c3d (webtiles) character file.

Game seed: 5040205331805152110

18 Ivernyr the Shield-Bearer (level 2, -1/24 HPs)
             Began as a Formicid Fighter on Oct 15, 2023.
             Slain by a gnoll
             ... wielding a +0 whip
              (3 damage)
             ... on level 1 of the Dungeon.
             The game lasted 00:01:06 (766 turns).

Ivernyr the Shield-Bearer (Formicid Fighter)         Turns: 766, Time: 00:01:07

Health: -1/24      AC:  6    Str: 26    XL:     2   Next: 90%
Magic:  2/2        EV:  9    Int:  7    God:
Gold:   32         SH:  5    Dex: 13    Spells: 1/1 levels left

rFire   . . .        a - +0 quarterstaff
rCold   . . .        c - +0 buckler
rNeg    . . .        b - +0 scale mail
rPois   .            (helmet unavailable)
rElec   .            (no cloak)
rCorr   .            (no gloves)
SInv    +            (no boots)
Will    .....        (no amulet) Stlth
                     g - +6 ring of strength
HPRegen 0.24/turn    (no ring)
MPRegen 0.08/turn

%: no passive effects
@: no status effects
A: permanent stasis, dig shafts and tunnels, antennae 3, four strong arms
a: Dig, Shaft Self


You were on level 1 of the Dungeon.
You visited 1 branch of the dungeon, and saw 2 of its levels.

You collected 32 gold pieces.

Inventory:

Hand Weapons
 a - a +0 quarterstaff (weapon)
Armour
 b - a +0 scale mail (worn)
 c - a +0 buckler (worn)
Jewellery
 g - a +6 ring of strength (left hand)
Scrolls
 e - 2 scrolls of identify {unknown}
 f - 2 scrolls of summoning {unknown}
 i - a scroll of poison {unknown}
 l - a scroll of amnesia {unknown}
Potions
 d - a potion of might
 h - a potion of curing {unknown}
 j - a potion of resistance {unknown}
 k - a potion of brilliance {unknown}
 m - 3 potions of attraction {unknown}


   Skills:
 + Level 3.5 Fighting
 * Level 2.5 Staves
 + Level 3.5 Armour
 + Level 4.2 Shields


You had one spell level left.
You didn't know any spells.
Your spell library was empty.

Dungeon Overview and Level Annotations

Branches:
Dungeon (2/15)

Altars:


Innate Abilities, Weirdness & Mutations

You cannot be hasted, slowed, berserked, paralysed or teleported.
You can dig through walls and to a lower floor.
You have a pair of large antennae on your head. (SInv)
Your four strong arms can wield two-handed weapons with a shield.


Message History

A gnoll comes into view. It is wielding a +0 flail.
There are monsters nearby!
A gnoll comes into view. It is wielding a +0 whip.
The gnoll completely misses you.
You barely miss the gnoll. The gnoll hits you with a +0 whip.
You block the gnoll's attack.
You hit the gnoll but do no damage. The gnoll misses you.
The gnoll hits you with a +0 whip. The gnoll attacks as you move away!
The gnoll barely misses you.
The gnoll throws a throwing net.
The throwing net hits you.
You become entangled in the net!
You see here a throwing net.
You tear a large gash into the net.
The gnoll hits you with a +0 flail.
You struggle against the net.
The gnoll hits you with a +0 flail. The gnoll hits you but does no damage.
You rip the net and break free!
You block the gnoll's attack. x2
The gnoll closely misses you. The gnoll hits you but does no damage.
The gnoll attacks as you move away! The gnoll barely misses you.
The gnoll throws a throwing net.
The throwing net completely misses you.
There is a stone staircase leading up here.
You climb upwards.
There is a stone staircase leading down here.
You start resting.
HP restored.
You climb downwards.
You block the gnoll's attack. The gnoll barely misses you.
The gnoll hits you but does no damage.
There is a stone staircase leading up here.
The gnoll barely misses you. The gnoll hits you with a +0 flail!
The gnoll hits you with a +0 whip.
You climb upwards.
There is a stone staircase leading down here.
The gnoll barely misses you. The gnoll misses you.
The gnoll attacks as you move away! The gnoll hits you with a +0 whip.
The gnoll attacks as you move away! The gnoll hits you with a +0 flail.
* * * LOW HITPOINT WARNING * * *
The gnoll attacks as you move away! The gnoll hits you with a +0 whip.
* * * LOW HITPOINT WARNING * * *
The gnoll attacks as you move away! The gnoll hits you with a +0 whip.
You die...

#..........# #..........#
#..........####
###..........'...
#.'....).....####
##.#..........####
#..#..............
#.###########..... #@#
#......#..... #####g#
#......#..... #...gg#
#......#..... #.....#
#......#..)..
#.....####......#.....
#....>..........#.....
#....####.......#.....
########...............#.....
#...........(####......#.....


You could see 3 gnolls.

Vanquished Creatures
  3 bats (D:1)
  2 endoplasms (D:1)
  2 giant cockroaches (D:1)
  3 goblins (D:1)
  2 ball pythons (D:1)
  A frilled lizard (D:1)
  3 kobolds (D:1)
16 creatures vanquished.

Notes
Turn   | Place    | Note
-------+----------+-------------------------------------------
     0 | D:1      | Ivernyr the Formicid Fighter began the quest for the Orb.
     0 | D:1      | Reached XP level 1. HP: 18/18 MP: 1/1
   258 | D:1      | Reached XP level 2. HP: 24/24 MP: 2/2
   766 | D:1      | Slain by a gnoll

Illustrated notes

Levels and vault maps discovered:
D:1:      saegor_arrival_fortress, layout_basic
D:2:      layout_basic, chequers_jeans, cheibrodos_gnoll_hut

Action                     || total
---------------------------++-------
  Melee: Quarterstaff      ||    42
 Armour: Scale mail        ||    32
  Dodge: Dodged            ||    26
  Block: Buckler           ||    13
